 Dungeon Crawl Stone Soup version 0.31-a0-700-gf13585253f (webtiles) character file.

Game seed: 3269480531040895637

78 LeprechaunX the Changeling (level 4, -3/29 HPs)
             Began as an Octopode Shapeshifter on Sept 7, 2023.
             Slain by a gnoll
             ... wielding a +0 halberd
              (10 damage)
             ... on level 2 of the Dungeon.
             The game lasted 00:01:22 (1578 turns).

LeprechaunX the Changeling (Octopode Shapeshifter)  Turns: 1578, Time: 00:01:23

Health: -3/29      AC:  1    Str: 15    XL:     4   Next: 36%
Magic:  4/4        EV: 13    Int: 12    God:
Gold:   113        SH:  0    Dex: 11    Spells: 3/3 levels left

rFire   . .          .
                       - Unarmed
rCold   . . .        (no shield)
rNeg    . . .        (helmet currently unavailable)
rPois   .            (no amulet)
rElec   .            (no ring)
rCorr   .            (no ring)
SInv    .            (no ring)
Will    .....        (no ring)
Stlth   ++           (no ring)
HPRegen 0.24/turn    (no ring)
MPRegen 0.09/turn    (no ring)
                     (no ring)

%: no passive effects
@: beast-form
A: beast (slay +2), almost no armour, amphibious, 8 rings, camouflage 1,
gelatinous body 1, (nimble swimmer 1), tentacles
a: Begin Untransformation


You were on level 2 of the Dungeon.
You were a hulking beast.
You visited 1 branch of the dungeon, and saw 2 of its levels.

You collected 113 gold pieces.

Inventory:

Talismans
 b - a beast talisman (active)
 c - a flux talisman
Scrolls
 f - a scroll of identify {unknown}
 i - a scroll of vulnerability {unknown}
Potions
 a - a potion of lignification
 d - 2 potions of curing {unknown}
 e - a potion of might {unknown}
 g - 2 potions of brilliance {unknown}
 h - a potion of cancellation {unknown}


   Skills:
 + Level 1.9 Fighting
 + Level 2.5 Dodging
 + Level 3.5 Unarmed Combat
 * Level 3.7 Shapeshifting


You had 3 spell levels left.
You didn't know any spells.
Your spell library contained the following spells:

 Spells                   Type           Power      Damage    Failure   Level
 Momentum Strike          Conj/Tloc      0%         3d8       45%         2
 Lehudib's Crystal Spear  Conj/Erth      0%         10d2      100%        8


Dungeon Overview and Level Annotations

Branches:
Dungeon (2/15)

Altars:


Innate Abilities, Weirdness & Mutations

You are a hulking beast.
Your limbs bulge with bestial killing power. (Slay +2)
You cannot wear most types of armour.
You are amphibious.
You can wear up to eight rings at the same time.
Your skin changes colour to match your surroundings (Stealth+).
Your rubbery body absorbs attacks. (AC +1, EV +1)
((You are camouflaged when in or above water. (Stealth+)))
You have tentacles for arms and can constrict up to eight enemies at once.


Message History

No target in view!
No target in view!
No target in view!
No target in view!
You open the door. You open the door.
There is an open door here.
There is an open door here.
There is an open door here.
You pick up Zomots's Handbook of Attacks and begin reading...
You add the spells Momentum Strike and Lehudib's Crystal Spear to your library.
Found 8 stones.
Jessica the Apprentice Sorceress comes into view.
She is wielding a +0 dagger.
Jessica is nearby!
Jessica is nearby!
Jessica shouts!
You barely miss Jessica. You grab Jessica.
You constrict Jessica, but do no damage.
Jessica looks very angry.
Jessica barely misses you.
You tentacle-slap Jessica. You squeeze Jessica.
You kill Jessica!
You have reached level 4!
A gnoll comes into view. It is wielding a +0 spear.
A gnoll is nearby!
A gnoll is nearby!
A gnoll is nearby!
A gnoll comes into view. It is wielding a +0 spear.
A ball python and a gnoll come into view.
The gnoll hits you from afar with a +0 halberd!
The gnoll hits you with a +0 halberd!
* * * LOW HITPOINT WARNING * * *
The gnoll shouts! x2
You are too injured to fight recklessly!
Unknown command.
The gnoll hits you from afar with a +0 halberd.
* * * LOW HITPOINT WARNING * * *
The gnoll attacks as it pursues you!
The gnoll hits you from afar with a +0 halberd!
You die...

#....... # #....... ##. #...##.##
.###..###...##..#
...........)##..#
.....#.....##..# ..#..#.........#
#.#....g.#.##..# ##.#
#.#.##.#.g.g.h.# ...######
#.#....###..##.#######..#....#
#.#.g.....(.......#..#..#.##.#
####.#g..#####.##.......#..#.##.#
.........# #....##.#.##..#.....
.....##..# ####....#.....#..#.#
.............................>#)#
......#....########..####.##..#.#
#####.##.#.# #..####.##..#..


You could see 3 gnolls.

Vanquished Creatures
  Jessica (D:2)
  An adder (D:2)
  7 bats
  5 endoplasms
  2 giant cockroaches (D:1)
  4 hobgoblins
  4 kobolds
  A quokka (D:1)
  2 ball pythons
  3 frilled lizards
  5 goblins (D:1)
  7 rats
42 creatures vanquished.

Notes
Turn   | Place    | Note
-------+----------+-------------------------------------------
     0 | D:1      | LeprechaunX the Octopode Shapeshifter began the quest for
                  | the Orb.
     0 | D:1      | Reached XP level 1. HP: 13/13 MP: 1/1
   239 | D:1      | Reached XP level 2. HP: 18/18 MP: 2/2
   790 | D:1      | Reached XP level 3. HP: 22/23 MP: 3/3
  1139 | D:2      | Found a faded altar of an unknown god.
  1545 | D:2      | Got Zomots's Handbook of Attacks
  1554 | D:2      | Noticed Jessica
  1557 | D:2      | Killed Jessica
  1558 | D:2      | Reached XP level 4. HP: 29/29 MP: 4/4
  1578 | D:2      | Slain by a gnoll

Illustrated notes

Levels and vault maps discovered:
D:1:      reono_arrival_forest_river, layout_basic, nicolae_hexahallways
D:2:      layout_basic, hellmonk_ecumenical_altar_heavens_door,
          minmay_octomino_e4, uniq_jessica

Action                     |  1- 3 |  4- 6 || total
---------------------------+-------+-------++-------
  Melee: Unarmed           |    76 |       ||    76
         Tentacles         |    19 |       ||    19
         Constrict         |    15 |       ||    15
         Punch             |     1 |       ||     1
   Stab: Sleeping          |    11 |       ||    11
 Armour: Skin              |    23 |     4 ||    27
  Dodge: Dodged            |    33 |       ||    33

Table legend: (Time is in decaauts)
 A = Elapsed time spent in this place.
 B = Non-inter-level travel time spent in this place.
 C = Inter-level travel time spent in this place.
 D = Time resting spent in this place.
 E = Time spent auto-exploring this place.
 F = Levels seen in this place.
 G = Mean time per level.
                   A        B        C        D        E       F      G
               +--------+--------+--------+--------+--------+-----+--------+
         Total |   1573 |   1485 |     88 |      0 |   1241 |   2 |  786.5 |
       Dungeon |   1573 |   1485 |     88 |      0 |   1241 |   2 |  786.5 |
               +--------+--------+--------+--------+--------+-----+--------+

Top non-repeatable levels by time:
     D:1: 1092 daAuts
     D:2: 480 daAuts
